[Event "*** Titled Tuesday Blitz"]
[Site "Chess.com"]
[Date "2020.04.21"]
[Round "6"]
[White "regular_legs"]
[Black "ElGasanov"]
[Result "1-0"]
[WhiteElo "2581"]
[BlackElo "2737"]
[TimeControl "180+1"]
[EndTime "11:09:23 PDT"]
[Termination "regular_legs won on time"]

1. d4 e6 2. c4 Bb4+ 3. Bd2 a5 4.
Nf3 d6 5. Nc3 Nf6 6. e3 Nbd7 7.
Bd3 e5 8. Qc2 Qe7 9. Bf5 O-O 10.
O-O Re8 11. dxe5 dxe5 12. a3 Bxc3 13. Bxc3 e4 14. Nd4 Nc5 15. b4 axb4 16. axb4 Rxa1 17. Rxa1 Nd3 18. c5 Nd5 19. Qb3 c6 20. Bxc8 Rxc8 21. Nf5 Qg5 22. Nd6 Rf8 23. Nxe4 Qg6 24. Nd6 h5 25.
Bd2 Ne5 26. e4 Nf6 27. Bf4 Neg4 28. f3 Nh6 29. Qe3 h4 30. Bxh6 gxh6 31. Nf5 Kh7 32. Nxh4 Qh5 33. Nf5 Rg8 34. Ra7 Qg6 35. Qf2 Rd8 36.
g3 Rd1+ 37. Kg2 Qg5 38. Ra2 Nd7 39. f4 Qg4 40. Rd2 Rxd2 41. Qxd2 Nf6 42. Qb2 Nxe4 43.
Ne3 Qg6 44. Qe5 1-0

[Event "*** Titled Tuesday Blitz"]
[Site "Chess.com"]
[Date "2020.04.21"]
[Round "6"]
[White "hongnhung1234"]
[Black "Caterpiller35"]
[Result "1-0"]
[WhiteElo "2172"]
[BlackElo "2352"]
[TimeControl "180+1"]
[EndTime "11:09:23 PDT"]
[Termination "hongnhung1234 won on time"]

1. e4 c5 2. Nc3 Nc6 3. f4 e6 4. Nf3 a6 5. d4 cxd4 6. Nxd4 Bc5 7. Be3 Qa5 8. Nb3 Bxe3 9. Nxa5 Nxa5 10. Qf3 Ba7 11.
Bd3 Nc6 12. Qg3 Kf8 13. O-O-O h5 14. f5 Bb8 15. Qh4 Nf6 16. fxe6 dxe6 17. Rhf1 Be5 18. Bc4 b5 19. Bb3 Bb7 20. Qg5 Rh6 21. Kb1 Rg6 22. Qe3 Rxg2 23. Qb6 Rb8 24. Rf2 Rxh2 25.
Rxh2 Bxh2 26. Rh1 Be5 27. Ne2 Nd7 28. Qf2 Nf6 29. Nf4 g6 30. Qh4 Nd4 31. Qg5 Nf3 32.
Qh6+ Ke7 33. Nd3 Bxe4 34. Nxe5 Nxe5 35. Qf4 Bxh1 36. Qxe5 Rd8 37. a3 Bd5 38. Qc7+ Rd7 39. Qc5+ Ke8 40. Qc8+ Rd8 41. Qxa6 Bxb3 42. Qxb5+ Kf8 43.
Qxb3 Kg7 44. a4 h4 45. Qh3 g5 46. a5 Rh8 47. a6 g4 48. Qh1 h3 49. a7 Nd5 50. c4 g3 51. cxd5 g2 52. Qh2 f6 53. d6 1-0

[Event "*** Titled Tuesday Blitz"]
[Site "Chess.com"]
[Date "2020.04.21"]
[Round "6"]
[White "Kouzari"]
[Black "2L8IWUN"]
[Result "0-1"]
[WhiteElo "2586"]
[BlackElo "2456"]
[TimeControl "180+1"]
[EndTime "11:09:24 PDT"]
[Termination "2L8IWUN won by resignation"]

1. e4 c5 2. Nf3 d6 3. d4 cxd4 4. Nxd4 Nf6 5. Nc3 Nc6 6. Bg5 e6 7. Qd2 a6 8. O-O-O Bd7 9. f4 b5 10. Bxf6 gxf6 11. Nf3 h5 12. Kb1 b4 13. Ne2 Qb6 14.
Ned4 Nxd4 15. Nxd4 a5 16. Bc4 a4 17. f5 e5 18. Nf3 Bc6 19. Bd5 Rc8 20. Bxc6+ Rxc6 21. Qd3 Bh6 22. h3 Qc5 23. g4 Ke7 24. Rhg1 Be3 25.
Rg2 hxg4 26. hxg4 a3 27. g5 axb2 28. g6 Qc3 29. Qd5 Qc4 30. gxf7 Qxd5 31. Rxd5 Kxf7 32. Kxb2 Rh3 33. Rb5 Rb6 34. Rxb6 Bxb6 35. Ne1 Bd4+ 36. Kc1 Rh1 37. Re2 Bc3 38. Kd1 d5 39. exd5 Ke7 40. Re3 Kd6 41. Rxc3 bxc3 42. Ke2 Kxd5 43. Ng2 Rh2 44. Kf3 Rxg2 45. Kxg2 Kc4 46. Kf3 Kb4 47.
Ke3 Ka3 48. Kd3 Kb2 49. a4 e4+ 50. Kxe4 Kxc2 51. a5 Kd2 52. a6 c2 53. a7 c1=Q 54. a8=Q Qh1+ 55. Kd4 Qxa8 0-1

[Event "*** Titled Tuesday Blitz"]
[Site "Chess.com"]
[Date "2020.04.21"]
[Round "6"]
[White "LuckSlayeer"]
[Black "Richarzard69"]
[Result "0-1"]
[WhiteElo "2503"]
[BlackElo "2278"]
[TimeControl "180+1"]
[EndTime "11:09:24 PDT"]
[Termination "Richarzard69 won on time"]

1. Nf3 d5 2. g3 Nf6 3. Bg2 Bf5 4.
O-O e6 5. d3 h6 6. Nbd2 Nbd7 7.
Qe1 Bh7 8. e4 Bc5 9. e5 Ng8 10. d4 Bb6 11. Qd1 c5 12. c3 Ne7 13.
b4 cxb4 14. cxb4 Nc6 15. a3 Nxd4 16. Bb2 Nxf3+ 17. Nxf3 O-O 18. Re1 Rc8 19. Rc1 Rxc1 20. Qxc1 Qb8 21. Qf4 Rc8 22. Bf1 Rc2 23. Bd4 Qc7 24.
Bxb6 Qxb6 25. Nd4 Rc3 26. Nb5 Rc2 27. Nd6 Bg6 28. Nb5 a6 29. Nd4 Rc3 30. Re3 Rxe3 31. Qxe3 Be4 32. f4 Qc7 33. Bg2 Bxg2 34. Kxg2 Nb6 35.
Nb3 Qc2+ 36. Kh3 Nc4 37. Qf3 Qf5+ 38. g4 Qc2 39. Nd4 Qb2 40. Ne2 Qxa3 41. Qxa3 Nxa3 42. f5 Nc2 43. Kg3 Nxb4 44. Nd4 exf5 45. gxf5 Nc6 46. e6 Nxd4 0-1

[Event "*** Titled Tuesday Blitz"]
[Site "Chess.com"]
[Date "2020.04.21"]
[Round "6"]
[White "mathapples"]
[Black "Noam_Vitenberg"]
[Result "0-1"]
[WhiteElo "2325"]
[BlackElo "2491"]
[TimeControl "180+1"]
[EndTime "11:09:24 PDT"]
[Termination "Noam_Vitenberg won by resignation"]

1. d4 d5 2. c4 e6 3. Nc3 Bb4 4.
Nf3 Nf6 5. Qa4+ Nc6 6. Bg5 h6 7. Bh4 g5 8. Bg3 Ne4 9. Rc1 h5 10. Ne5 Bd7 11. cxd5 Bxc3+ 12. bxc3 Nxe5 13. Qc2 Nxg3 14. hxg3 Ng6 15. Qe4 c6 16. dxe6 Bxe6 17. f4 Qd5 18.
Qd3 Bf5 19. Qe3+ Qe4 20. Qxe4+ Bxe4 21. fxg5 O-O-O 22. e3 Rde8 23. Be2 h4 24. gxh4 Nxh4 25. Bg4+ Kb8 26. Kd2 Nxg2 27. Rh6 Rxh6 28. gxh6 Rh8 29. Rf1 Bd5 30. Rf6 Nh4 31. e4 Bxe4 32. Rxf7 Rxh6 33.
Rf8+ Kc7 34. Rf7+ Kb6 35. Bc8 c5 36. dxc5+ Kxc5 37. Bxb7 Bxb7 38. Rxb7 a6 39. Rb4 Nf3+ 40. Ke3 Ne5 41. Rd4 Nc4+ 42. Kd3 Rd6 43. Rxd6 Nxd6 44. Kd2 Kc4 45. Kc2 Ne4 46. Kb2 Nxc3 47. Ka3 a5 48. Kb2 Kb4 49. a3+ Kc4 50. Kc2 Nb5 51. Kb2 a4 52. Ka2 Kc3 53. Ka1 Nxa3 54. Ka2 Nb5 55. Ka1 Kb3 56. Kb1 Na3+ 57. Ka1 Nc2+ 58. Kb1 a3 59. Kc1 a2 60. Kd2 a1=Q 0-1

[Event "*** Titled Tuesday Blitz"]
[Site "Chess.com"]
[Date "2020.04.21"]
[Round "6"]
[White "Dinamo81"]
[Black "wadsy27"]
[Result "0-1"]
[WhiteElo "2617"]
[BlackElo "2496"]
[TimeControl "180+1"]
[EndTime "11:09:25 PDT"]
[Termination "wadsy27 won by resignation"]

1. d4 Nf6 2. Bf4 c5 3. e3 Qb6 4.
Nc3 d6 5. Rb1 Nbd7 6. Nf3 g6 7.
h3 Bg7 8. Be2 O-O 9. O-O a6 10.
a4 Qc7 11. d5 b6 12. e4 Bb7 13. Re1 Ne5 14. Nd2 Nfd7 15. Bh2 f5 16. f4 Nf7 17.
exf5 gxf5 18. Nc4 Rae8 19. Bf3 Nh8 20. Kh1 Ng6 21. g3 Nf6 22. Qd3 Nd7 23. Re6 Qb8 24. Rbe1 Bf6 25. Bg1 Ba8 26. Qe2 Kf7 27. h4 b5 28. h5 bxc4 29. hxg6+ hxg6 30. Qxc4 Qxb2 31. Nd1 Rh8+ 32. Kg2 Qb4 33. Qxa6 Nb6 34. c3 Qb3 35. Ne3 Nxd5 36. Qd3 Nxe3+ 37. R6xe3 Bxf3+ 38. Kxf3 Qxa4 39. Qd5+ Kg7 40. Re6 Qa8 41. c4 Qxd5+ 42. cxd5 Kf7 43. g4 fxg4+ 44. Kxg4 Ra8 45. Bf2 Ra2 46. Bg3 Ra3 47. R6e4 Rxg3+ 48. Kxg3 Bh4+ 49. Kg4 Bxe1 50. Rxe1 Rh2 51.
Rd1 Rc2 52. Kg3 Kf6 53. Re1 Rd2 54. Re6+ Kf7 0-1

[Event "*** Titled Tuesday Blitz"]
[Site "Chess.com"]
[Date "2020.04.21"]
[Round "6"]
[White "fidezivkovic"]
[Black "JozefKneht"]
[Result "0-1"]
[WhiteElo "2275"]
[BlackElo "2438"]
[TimeControl "180+1"]
[EndTime "11:09:25 PDT"]
[Termination "JozefKneht won on time"]

1. e4 e5 2. Nf3 Nc6 3. Bc4 Nf6 4.
d3 Bc5 5. c3 d6 6. O-O a6 7.
Bb3 Ba7 8. h3 O-O 9. Re1 h6 10.
Nbd2 Nh5 11. Nf1 Qf6 12. Be3 Nf4 13. Kh2 h5 14. d4 g6 15. dxe5 Nxe5 16. Nxe5 dxe5 17.
Bxa7 Rxa7 18. Qf3 Kg7 19. Ne3 Ra8 20. Nd5 Nxd5 21. Bxd5 Qxf3 22. gxf3 c6 23. Bb3 Rd8 24. Rad1 Bd7 25. h4 Be8 26. Kg3 Kf6 27. f4 exf4+ 28. Kxf4 a5 29. e5+ Ke7 30. a3 b5 31.
Kg5 c5 32. Bd5 Rab8 33. f4 b4 34. axb4 axb4 35. c4 Bd7 36. Ra1 Be6 37. Ra7+ Rd7 38. Rea1 Bxd5 39. cxd5 c4 40. d6+ Ke6 41. Rxd7 Kxd7 42.
Ra7+ Ke6 43. Re7+ Kd5 44. Rxf7 c3 45. d7 cxb2 46. e6 b1=Q 47. e7 Qg1+ 48. Kh6 Qd4 0-1

[Event "*** Titled Tuesday Blitz"]
[Site "Chess.com"]
[Date "2020.04.21"]
[Round "6"]
[White "serhanberat_ozdemir"]
[Black "Grineva_Marianna"]
[Result "1/2-1/2"]
[WhiteElo "2399"]
[BlackElo "2194"]
[TimeControl "180+1"]
[EndTime "11:09:26 PDT"]
[Termination "Game drawn by stalemate"]

1. e4 g6 2. d4 Bg7 3. Nc3 d6 4.
Nf3 Nf6 5. Be3 a6 6. Qd2 Ng4 7. Bg5 h6 8. Bh4 b5 9. Bd3 Bb7 10.
Ne2 Nd7 11. Ng3 c5 12. c3 cxd4 13. cxd4 Qb6 14. h3 Nxf2 15. Kxf2 Bxd4+ 16. Nxd4 Qxd4+ 17. Qe3 Qxb2+ 18. Ne2 Nc5 19. Rad1 Qxa2 20. e5 Qd5 21. Nf4 Qxe5 22. Qxe5 dxe5 23. Ne2 Nxd3+ 24. Rxd3 g5 25. Bg3 f6 26. Rhd1 Be4 27. Re3 Bf5 28. Nc3 Kf7 29. Rf3 Be6 30. Bxe5 Rhc8 31. Nd5 Bxd5 32. Rxd5 b4 33. Rd7 a5 34. Rxf6+ Ke8 35. Rxe7+ Kxe7 36. Rxh6 b3 37. Rb6 a4 38. Bf6+ Kf7 39. Bxg5 Rc2+ 40. Kg3 b2 41. Be3 a3 42. Bd4 Rd8 43. Be5 Rd3+ 44. Kf4 Rd1 45. g4 b1=Q 46. Rf6+ Ke7 47. Kg5 Qb5 48. Rf5 Rc5 49. Bf6+ Ke6 50. Re5+ Rxe5+ 51. Bxe5 Qxe5+ 52. Kh4 Rd4 1/2-1/2

[Event "*** Titled Tuesday Blitz"]
[Site "Chess.com"]
[Date "2020.04.21"]
[Round "6"]
[White "alex_zapata"]
[Black "SimonKnightRivendell"]
[Result "1/2-1/2"]
[WhiteElo "2235"]
[BlackElo "1948"]
[TimeControl "180+1"]
[EndTime "11:09:27 PDT"]
[Termination "Game drawn - insufficient material"]

1. e4 e6 2. d4 d5 3. Nd2 dxe4 4. Nxe4 Nf6 5. Bg5 Be7 6. Bxf6 gxf6 7. Nf3 f5 8. Ng3 c5 9. Bb5+ Bd7 10. Qe2 a6 11. Bxd7+ Nxd7 12. O-O-O cxd4 13. Rxd4 Bf6 14. Rd3 Qb6 15. Rb3 Qc7 16. Nxf5 Qf4+ 17. Ne3 Nc5 18. Ra3 Rc8 19. g3 Bxb2+ 20. Kxb2 Qb4+ 21. Rb3 Nxb3 22. axb3 Qc3+ 23. Kb1 O-O 24. Rd1 Rfd8 25. Rd3 Rxd3 26. Qxd3 Qxd3 27. cxd3 Rc3 28. Kb2 Rxd3 29. Kc2 Rd7 30. Ne5 Rc7+ 31. Kd2 b5 32. f4 a5 33. Nc2 f6 34. Nd3 Kf7 35. Nd4 b4 36. Nb2 Ke7 37.
Nc4 a4 38. Nb5 Rc5 39. Nd4 axb3 40. Nb2 e5 41. fxe5 Rd5 42. Ke3 Rxe5+ 43. Kd2 Rd5 44.
Ke3 Rc5 45. Kd2 Rc3 46. Nd1 Rc4 47. Nxb3 Ke6 48. Ne3 Rc3 49. Nd4+ Ke5 50. Nf3+ Ke4 51.
Nd1 Rxf3 52. Kc2 Rd3 53. Nf2+ Ke3 54. Nxd3 Kf3 55. Nxb4 Kg2 56. Kd3 Kxh2 57. g4 Kg3 58. Nd5 Kxg4 59. Nxf6+ Kf3 60. Nxh7 1/2-1/2

[Event "*** Titled Tuesday Blitz"]
[Site "Chess.com"]
[Date "2020.04.21"]
[Round "6"]
[White "chito89"]
[Black "Muracle"]
[Result "0-1"]
[WhiteElo "2754"]
[BlackElo "2631"]
[TimeControl "180+1"]
[EndTime "11:09:28 PDT"]
[Termination "Muracle won on time"]

1. d4 Nf6 2. c4 g6 3. Nc3 d5 4.
Bf4 Bg7 5. e3 O-O 6. Rc1 Be6 7. c5 c6 8. h3 b6 9. b4 a5 10. a3 axb4 11. axb4 bxc5 12. bxc5 Ne4 13. Nxe4 dxe4 14. Ne2 Ra3 15. Nc3 Qa5 16. Qd2 Nd7 17.
Nxe4 Qa7 18. Nc3 Qa5 19. Nb1 Qxd2+ 20. Nxd2 Bd5 21. e4 Ba2 22. Be3 f5 23. Ra1 Rfa8 24.
exf5 Nxc5 25. Rxa2 Rxa2 26. Bc4+ Kf8 27. Bxa2 Rxa2 28.
O-O Nd3 29. fxg6 hxg6 30. Nf3 Nb4 31. Rc1 Ke8 32. Rc4 Rb2 33. Bd2 Nd3 34. Rxc6 Rb1+ 35. Kh2 Nxf2 36. Rxg6 Kf7 37. Rc6 Rh1+ 38. Kg3 Ne4+ 39.
Kg4 Nxd2 40. Nxd2 Bxd4 41. Nf3 Bf6 42. Ng5+ Kg7 43. Ne4 Rg1 44. Nxf6 exf6 45. Kf3 Rd1 46. Rc3 Kg6 47. g4 Rf1+ 48. Kg2 Rd1 49. Kg3 Rd5 50. Rf3 f5 0-1

[Event "*** Titled Tuesday Blitz"]
[Site "Chess.com"]
[Date "2020.04.21"]
[Round "6"]
[White "LikeWater"]
[Black "Vaathi_Coming"]
[Result "0-1"]
[WhiteElo "2672"]
[BlackElo "2845"]
[TimeControl "180+1"]
[EndTime "11:09:29 PDT"]
[Termination "Vaathi_Coming won by resignation"]

1. e4 e5 2. Nf3 Nc6 3. Bc4 Bc5 4.
c3 Nf6 5. d3 O-O 6. O-O d5 7.
exd5 Nxd5 8. Re1 Bg4 9. h3 Bh5 10. Nbd2 Nb6 11. Bb3 Kh8 12. Ne4 Be7 13. Ng3 Bxf3 14.
Qxf3 f5 15. a4 a5 16. Nf1 Bg5 17. Bxg5 Qxg5 18. Re2 Rad8 19. Rae1 Qh4 20. Rxe5 Nxe5 21. Rxe5 Nxa4 22. Ng3 Nxb2 23. d4 a4 24. Ba2 a3 25.
Nxf5 Qg5 26. Qe4 Nd1 27. Qc2 Nxc3 28. Ne7 Qf4 29. Qxc3 Qxf2+ 30. Kh2 Qxa2 31. Qd3 Rd6 32. Rh5 h6 33. Ng6+ Rxg6 34. Qxg6 Qf7 35. Qg4 Qf4+ 36.
Qxf4 Rxf4 37. Ra5 Rxd4 38. Rxa3 b5 39. Ra7 Rc4 40. Rb7 b4 41. Kg3 c5 42. Kf3 Rc3+ 43.
Kf4 b3 44. Kf5 Kh7 45. g4 c4 46. h4 Rc1 47. g5 hxg5 48. hxg5 Rf1+ 49. Kg4 Kg6 50.
Rb6+ Kf7 51. Rb7+ Ke6 52. Rxg7 b2 0-1

[Event "*** Titled Tuesday Blitz"]
[Site "Chess.com"]
[Date "2020.04.21"]
[Round "6"]
[White "RD4ever"]
[Black "Harut-1998"]
[Result "0-1"]
[WhiteElo "2816"]
[BlackElo "2643"]
[TimeControl "180+1"]
[EndTime "11:09:29 PDT"]
[Termination "Harut-1998 won by resignation"]

1. e4 e5 2. Nf3 Nc6 3. Nc3 Nf6 4. Bb5 Bb4 5. O-O O-O 6. d3 Bxc3 7. bxc3 d6 8. Bg5 Qe7 9. Re1 Nd8 10. d4 Ne6 11.
Bd2 Bd7 12. Bd3 Nd8 13. Rb1 b6 14. Nh4 Nc6 15. Qf3 exd4 16. Nf5 Bxf5 17. exf5 Ne5 18. Qg3 dxc3 19. Bg5 h6 20. Bh4 Qd8 21. Bf1 Nh5 22. Qh3 Qd7 23. Qxc3 Qxf5 24. Qxc7 Qg4 25. Bg3 Nxg3 26. hxg3 Rfd8 27. Rbd1 Qc8 28. Qe7 Rd7 29. Qh4 Qxc2 30. Bb5 Rdd8 31. Ba4 Qf5 32. Rd5 Nf3+ 33. gxf3 Qxd5 34. Qf4 Qxa2 35. Bb5 Qb2 36. Bc4 Qf6 37. Qd2 d5 38. Bb5 a6 39. Bf1 b5 40. f4 d4 41. Re5 Re8 42. Rc5 Rac8 43. Rd5 Rcd8 44. Rc5 Rc8 45. Rd5 Red8 46. Re5 d3 47. Bh3 Rc2 48. Qe3 d2 49. Re8+ Rxe8 50. Qxe8+ Kh7 51. Qe4+ Qg6 0-1

[Event "*** Titled Tuesday Blitz"]
[Site "Chess.com"]
[Date "2020.04.21"]
[Round "6"]
[White "Tashik"]
[Black "TERMINATOR_PC"]
[Result "1/2-1/2"]
[WhiteElo "2544"]
[BlackElo "2398"]
[TimeControl "180+1"]
[EndTime "11:09:29 PDT"]
[Termination "Game drawn - insufficient material"]

1. c4 e6 2. Nc3 d5 3. d4 c6 4.
Nf3 Nf6 5. Bg5 dxc4 6. e4 b5 7.
e5 h6 8. Bh4 g5 9. Nxg5 hxg5 10. Bxg5 Be7 11. exf6 Bxf6 12. Bxf6 Qxf6 13. g3 Bb7 14. Bg2 Na6 15. Ne4 Qe7 16. O-O O-O-O 17. a4 f5 18. Nc3 b4 19. Ne2 c5 20. Qc1 Bxg2 21. Kxg2 Qb7+ 22. f3 Qh7 23. h4 c3 24.
bxc3 Rdg8 25. Qe3 Nc7 26. cxb4 cxb4 27. Rac1 Qxh4 28. Rh1 Qf6 29. Rxh8 Rxh8 30. d5 exd5 31. Qxa7 Rh7 32. Qa8+ Kd7 33. Rxc7+ Kxc7 34. Qa7+ Kd8 35. Qxh7 b3 36. Qg8+ Kc7 37. Qxd5 b2 38. Qc5+ Kb7 39. Qb5+ Ka7 40. a5 Qe6 41. Qb6+ Qxb6 42. axb6+ Kxb6 43. Nc3 Kc5 44. g4 fxg4 45. fxg4 Kb4 46. Nb1 Kb3 47. g5 Kc2 48. Na3+ Kb3 49. Nb1 Kc2 50. g6 Kxb1 51. g7 Kc1 52. g8=Q b1=Q 53. Qc4+ Qc2+ 54. Qxc2+ Kxc2 1/2-1/2

[Event "*** Titled Tuesday Blitz"]
[Site "Chess.com"]
[Date "2020.04.21"]
[Round "6"]
[White "Mikhail_Biryukov"]
[Black "HansCoolNiemann"]
[Result "1-0"]
[WhiteElo "2687"]
[BlackElo "2928"]
[TimeControl "180+1"]
[EndTime "11:09:30 PDT"]
[Termination "Mikhail_Biryukov won on time"]

1. e4 g6 2. Nc3 Bg7 3. d4 c6 4. Be3 d5 5. g3 dxe4 6. Nxe4 Nf6 7. Nxf6+ exf6 8. Bg2 O-O 9. Ne2 Nd7 10. O-O Nb6 11.
b3 Nd5 12. Bd2 f5 13. c4 Nf6 14. Be3 Ng4 15. Bf4 Re8 16. Qd3 Bd7 17. Rad1 Qa5 18. a4 Rad8 19. h3 Nf6 20. Nc3 Bc8 21. d5 Ne4 22. Nxe4 fxe4 23. Bxe4 Bxh3 24. Bg2 Bxg2 25. Kxg2 cxd5 26. cxd5 Rd7 27. Qb5 Qd8 28. Rfe1 Rxe1 29. Rxe1 a6 30. Qb4 Bf8 31. d6 Bxd6 32. Bxd6 Rxd6 33. Qxb7 Rf6 34. Qe4 Qb6 35. Re3 h5 36.
b4 Kh7 37. Rf3 Rxf3 38. Kxf3 Qf6+ 39. Kg2 Kg7 40. b5 axb5 41. axb5 Qb2 42. Qc6 Qd4 43. b6 h4 44. b7 Qb4 45. Qc7 Qe4+ 46. Kh2 hxg3+ 47. Kxg3 Qd3+ 48. f3 Qe3 49. b8=Q Qg1+ 50. Kf4 Qd4+ 51. Kg3 Qg1+ 52. Kh4 Qf2+ 53. Qg3 Qd2 54.
Qbe5+ Kh7 55. Kh3 Qd1 56. Qh4+ 1-0

[Event "*** Titled Tuesday Blitz"]
[Site "Chess.com"]
[Date "2020.04.21"]
[Round "6"]
[White "ChessicallyInclined"]
[Black "eightbyeightchess"]
[Result "0-1"]
[WhiteElo "2589"]
[BlackElo "2467"]
[TimeControl "180+1"]
[EndTime "11:09:31 PDT"]
[Termination "eightbyeightchess won by resignation"]

1. d4 d5 2. c4 c6 3. Nf3 Nf6 4. e3 a6 5. Nc3 Bg4 6. h3 Bh5 7. g4 Bg6 8. Ne5 Nbd7 9. Nxg6 hxg6 10. g5 Ne4 11. Nxe4 dxe4 12. Qc2 Qa5+ 13. Bd2 Qxg5 14. Qxe4 Nf6 15. Qf3 e6 16. Bc3 Qf5 17. Qg2 Bd6 18. Rd1 Nh7 19. h4 Nf6 20. Bd3 Qg4 21. Qxg4 Nxg4 22. Ke2 Be7 23. Rdg1 Nf6 24. b4 b5 25. c5 O-O-O 26. a4 Nd5 27. Bd2 Rxh4 28. Rxh4 Bxh4 29. f4 Bf6 30. Rh1 g5 31. fxg5 Bxg5 32.
Rh7 Bh6 33. Be1 Nf6 34. Rxh6 gxh6 35. Bh4 Nd5 36. Bxd8 Kxd8 37. axb5 axb5 38. Be4 Nxb4 39.
Kf3 Nd5 40. Bc2 Ke7 41. e4 Nb4 42. Bb3 Kf6 43. Kg4 Kg6 44. Kh4 f5 45. Bxe6 fxe4 46.
Kg4 Kf6 47. Bb3 Nd5 48. Kg3 Ke6 49. Kh4 Kd7 50. Kg3 Kc7 51. Bc2 e3 52. Kf3 Kb7 53. Bb3 Ka6 54. Ke2 Ka5 55. Kd3 b4 56. Ke4 e2 0-1

[Event "*** Titled Tuesday Blitz"]
[Site "Chess.com"]
[Date "2020.04.21"]
[Round "6"]
[White "Olga_Girya"]
[Black "starworld123"]
[Result "0-1"]
[WhiteElo "2463"]
[BlackElo "2632"]
[TimeControl "180+1"]
[EndTime "11:09:31 PDT"]
[Termination "starworld123 won on time"]

1. d4 Nf6 2. c4 e6 3. Nf3 b6 4.
g3 Bb7 5. Bg2 Be7 6. O-O O-O 7.
Nc3 Ne4 8. Bd2 f5 9. Ne5 Nxc3 10. Bxc3 Bxg2 11. Kxg2 Bf6 12. Nd3 Qe7 13. Qc2 Nc6 14. d5 Nd4 15. Bxd4 Bxd4 16. e3 Bf6 17. dxe6 dxe6 18.
c5 Rad8 19. Rfd1 Rd5 20. cxb6 cxb6 21. Nf4 Rc5 22. Qb3 Re8 23. Rac1 Kh8 24. Kg1 Rxc1 25. Rxc1 Qd7 26. Rd1 Qc6 27. Qa3 h6 28. Qd6 Qc2 29. Qd2 Qc6 30. Qd6 Qf3 31. Rd2 Rc8 32. Rd1 Rd8 33. Qxd8+ Bxd8 34. Rxd8+ Kh7 35. Nxe6 Qe2 36.
Nf8+ Kg8 37. Ne6+ Kf7 38. Nd4 Qxb2 39. Rd7+ Kg6 40. Rxa7 Qb1+ 41. Kg2 Qe4+ 42. Kg1 Kh7 43. Ra6 b5 44. Rb6 Qb1+ 45. Kg2 b4 46. a3 Qe4+ 47. f3 Qxe3 48. Rxb4 Qd2+ 49. Kh3 Qd3 0-1

[Event "*** Titled Tuesday Blitz"]
[Site "Chess.com"]
[Date "2020.04.21"]
[Round "6"]
[White "LogoCzar"]
[Black "josephymwale33"]
[Result "1-0"]
[WhiteElo "2453"]
[BlackElo "2290"]
[TimeControl "180+1"]
[EndTime "11:09:31 PDT"]
[Termination "LogoCzar won by resignation"]

1. e4 e5 2. Nf3 Nc6 3. Bb5 a6 4. Ba4 Nf6 5. O-O b5 6. Bb3 Bc5 7.
a4 Bb7 8. d3 d6 9. Nc3 b4 10.
Nd5 h6 11. c3 a5 12. d4 Ba7 13.
Re1 O-O 14. Qd3 Re8 15. Nxf6+ Qxf6 16. d5 Ne7 17. cxb4 axb4 18. Be3 c6 19. Bxa7 Rxa7 20.
dxc6 Bxc6 21. Red1 Rd7 22. Qc4 d5 23. exd5 Bxd5 24. Qb5 Red8 25. Bxd5 Nxd5 26. a5 e4 27. Nd4 e3 28. Nc6 Qxf2+ 29. Kh1 Nf4 30. Rg1 Rd1 31. Ne7+ Kh8 32. Raxd1 Rf8 33. Qf1 Qxf1 34. Rdxf1 Nd3 35. Rf3 Nf2+ 36. Rxf2 exf2 37. Rf1 Re8 38. Nf5 Re1 39.
Ng3 f5 40. a6 f4 41. a7 Re8 42. Ne2 Ra8 43. Rxf2 Rxa7 44. Rxf4 Ra1+ 45. Ng1 b3 46. Rb4 Kh7 47. Rxb3 Rb1 48. g3 Kg6 49. Kg2 Kf5 50. Rb7 g6 51. Nf3 g5 52. Nd4+ Ke4 53. Nf3 g4 54. Nd2+ 1-0

[Event "*** Titled Tuesday Blitz"]
[Site "Chess.com"]
[Date "2020.04.21"]
[Round "6"]
[White "DonPreuss"]
[Black "zajka-molotok"]
[Result "0-1"]
[WhiteElo "2218"]
[BlackElo "2411"]
[TimeControl "180+1"]
[EndTime "11:09:31 PDT"]
[Termination "zajka-molotok won on time"]

1. d4 Nf6 2. Nc3 d5 3. e4 Nxe4 4. Nxe4 dxe4 5. Bc4 e6 6. c3 c5 7. d5 Be7 8. Bf4 O-O 9. dxe6 Bxe6 10. Bxe6 fxe6 11.
Ne2 Nd7 12. Qb3 Qb6 13. Be3 Nf6 14. Ng3 Qa6 15. c4 Rad8 16. O-O Rd3 17. Qc2 Rfd8 18. a3 Qc6 19. Rad1 Qd7 20. Rc1 b6 21. Ne2 Bd6 22. Nf4 Bxf4 23. Bxf4 h6 24. h3 Qd4 25. Be3 Qd6 26. Qe2 e5 27. Kh1 Qe6 28. f3 exf3 29. Rxf3 e4 30. Rg3 Kh8 31. Rf1 Qe5 32. Bf4 Qe6 33.
Bxh6 Rxg3 34. Bf4 Rg6 35. Qf2 Kg8 36. Qh4 Qf7 37. Bg5 Rf8 38. Rf4 Qe6 39. Rf1 Nd7 40.
Re1 Rf7 41. Be3 Ne5 42. Kh2 Qf5 43. Kh1 Nxc4 44. Bc1 Nd6 45. Qd8+ Rf8 46. Qh4 Nf7 47. Qxe4 Nh6 48. Qc4+ Qf7 49. Qe2 Rf6 0-1

[Event "*** Titled Tuesday Blitz"]
[Site "Chess.com"]
[Date "2020.04.21"]
[Round "6"]
[White "AlanZhang"]
[Black "losersgame"]
[Result "0-1"]
[WhiteElo "2165"]
[BlackElo "2341"]
[TimeControl "180+1"]
[EndTime "11:09:31 PDT"]
[Termination "losersgame won by checkmate"]

1. e4 e5 2. Nf3 Nc6 3. Bb5 a6 4. Ba4 d6 5. d4 b5 6. Bb3 Nxd4 7. Nxd4 exd4 8. Bd5 Rb8 9. Qxd4 Nf6 10. Nc3 Be7 11. Bf4 O-O 12. h3 c5 13. Qd2 b4 14.
Ne2 Nxd5 15. exd5 Bf6 16. Rb1 Re8 17. O-O Bf5 18. Ng3 Bg6 19. Rfe1 Qd7 20. f3 h6 21. Ne4 Bd4+ 22. Kh1 Be5 23. Kh2 Bxe4 24. fxe4 Bxf4+ 25. Qxf4 Re5 26. c3 a5 27. cxb4 axb4 28. a3 bxa3 29.
bxa3 Ra8 30. Rb3 Ra4 31. Rf3 Qe7 32. Rb1 f6 33. Rb8+ Kh7 34. Re3 Rxd5 35. exd5 Qd7 36. Qxa4 Qxa4 37. Ree8 Qxa3 38. g3 c4 39. h4 h5 40.
Rh8+ Kg6 41. Rb7 c3 42. Rg8 c2 43. Rgxg7+ Kf5 44. g4+ hxg4 45. Rbc7 c1=Q 46. Rxc1 Qxc1 47.
Rd7 Qd2+ 48. Kh1 Qe1+ 49. Kg2 Qe2+ 50. Kg1 Kf4 51. Rf7 Kg3 52. Rxf6 Qg2# 0-1

[Event "*** Titled Tuesday Blitz"]
[Site "Chess.com"]
[Date "2020.04.21"]
[Round "6"]
[White "Nathan_Filgueiras"]
[Black "arjwezhrtdrz"]
[Result "0-1"]
[WhiteElo "2310"]
[BlackElo "2163"]
[TimeControl "180+1"]
[EndTime "11:09:31 PDT"]
[Termination "arjwezhrtdrz won by resignation"]

1. e4 e6 2. d4 d5 3. Nd2 dxe4 4. Nxe4 Bd7 5. c3 Bc6 6. Ng3 Nd7 7. Nf3 Ngf6 8. Bd3 Be7 9. O-O b6 10. Re1 O-O 11. Bg5 Bb7 12. Qd2 c5 13. Rad1 Qc7 14. Bf4 Qc8 15. Ne5 cxd4 16. cxd4 Nd5 17. Ne4 N7f6 18.
Nxf6+ Bxf6 19. Bg3 Qd8 20. Bb1 Ne7 21. Ng4 Ng6 22.
Nxf6+ Qxf6 23. Qe3 Rfd8 24. Be5 Qh4 25. Bg3 Qh5 26. Be4 Bxe4 27. Qxe4 Qd5 28. Qb1 Rac8 29. a3 a6 30. Qd3 b5 31. h4 Rc4 32. Qe3 Rxd4 33. Rc1 Rd3 34. Qa7 h6 35. Rc7 Qf5 36.
Rec1 Rd1+ 37. Rxd1 Rxd1+ 38. Kh2 Rd8 39. f3 Qf6 40. h5 Nf4 41. Qxa6 Nxh5 42. Rc6 Nxg3 43.
Kxg3 Qg5+ 44. Kf2 Rd2+ 45. Ke1 Qe3+ 0-1

[Event "*** Titled Tuesday Blitz"]
[Site "Chess.com"]
[Date "2020.04.21"]
[Round "6"]
[White "Ranindu2003"]
[Black "ZAbdumalik"]
[Result "1-0"]
[WhiteElo "2520"]
[BlackElo "2677"]
[TimeControl "180+1"]
[EndTime "11:09:32 PDT"]
[Termination "Ranindu2003 won by resignation"]

1. e4 e5 2. Nf3 Nc6 3. Bb5 a6 4. Ba4 Nf6 5. O-O Be7 6. d3 b5 7. Bb3 d6 8. a3 O-O 9. Nc3 Na5 10.
Ba2 c5 11. Bg5 Be6 12. b4 Nc6 13. Bxf6 Bxf6 14. Nd5 Rc8 15. Rb1 g6 16. c4 bxc4 17.
dxc4 Bg7 18. bxc5 dxc5 19. Qa4 f5 20. exf5 gxf5 21. Rbd1 Qe8 22. Ng5 Nd4 23. Qxa6 Rc6 24. Qa4 Bd7 25. Qa7 Rg6 26. f4 exf4 27. Nf3 Qe2 28.
Nxf4 Nxf3+ 29. Kh1 Rh6 30. h3 Qxa2 31. Rxd7 Be5 32.
Rxf3 Qb1+ 33. Kh2 Qc1 34. g3 Qc2+ 35. Ng2 Qxc4 36. Qb7 Rg6 37. Qd5+ Qxd5 38. Rxd5 Bd4 39.
Rdxf5 Ra8 40. Nh4 Re6 41. Rd5 Re2+ 42. Kh1 Rxa3 43. Rxa3 Re1+ 44. Kh2 Re2+ 45. Ng2 1-0

[Event "*** Titled Tuesday Blitz"]
[Site "Chess.com"]
[Date "2020.04.21"]
[Round "6"]
[White "vaishali2001"]
[Black "SamuelGhimpu2003"]
[Result "0-1"]
[WhiteElo "2494"]
[BlackElo "2671"]
[TimeControl "180+1"]
[EndTime "11:09:32 PDT"]
[Termination "SamuelGhimpu2003 won by resignation"]

1. e4 e6 2. d4 d5 3. Bd3 dxe4 4.
Bxe4 Nf6 5. Bf3 c5 6. Ne2 Nc6 7. Bxc6+ bxc6 8. O-O Ba6 9. c3 cxd4 10. cxd4 Be7 11.
Nbc3 O-O 12. Re1 c5 13. dxc5 Bxc5 14. Be3 Bxe3 15. fxe3 Qb6 16. Qd4 Qxb2 17. Rab1 Qa3 18. Rb3 Qe7 19. Ng3 Rfd8 20. Qh4 Qc5 21. Nce4 Nxe4 22.
Nxe4 Qa5 23. Qg3 h6 24. h4 Rac8 25. Rb2 Rd3 26. Nf6+ Kf8 27. Ng4 Qc7 28. Qf3 Rc3 29. Rf2 Bb7 30. Qh3 Rc1 31. Rxc1 Qxc1+ 32. Rf1 Qc2 33.
Ne5 Rc7 34. Rf2 Qd1+ 35. Kh2 Qd5 36. Qg3 Qd8 37. Qg4 Kg8 38. Kh3 Bd5 39. e4 Ba8 40.
Kh2 Qd6 41. Qg3 Bxe4 42. Qf4 Bf5 43. Rd2 Qe7 44. h5 Rc8 45. g4 Bh7 46. Kg3 Qf6 47.
Qxf6 gxf6 48. Nd7 Kg7 49. Rd3 Bxd3 0-1